 Dungeon Crawl Stone Soup version 0.30-a0-42-g806c11bf1d (webtiles) character file.

Game seed: 10363463508197402762

102 IdlyInterested the Trooper (level 4, -3/37 HPs)
             Began as a Demonspawn Fighter on Aug 30, 2022.
             Slain by a goblin
             ... wielding a +0 club
              (4 damage)
             ... on level 3 of the Dungeon.
             The game lasted 00:07:35 (2771 turns).

IdlyInterested the Trooper (Demonspawn Fighter)     Turns: 2771, Time: 00:07:36

Health: -3/37      AC:  3    Str: 22    XL:     4   Next: 49%
Magic:  4/4        EV:  8    Int:  9    God:
Gold:   17         SH:  0    Dex: 15    Spells: 3/3 levels left

rFire   + . .      SeeInvis +    a - +0 long sword
rCold   . . .      Faith    .    c - +0 buckler
rNeg    . . .      Spirit   .    h - +1 chain mail of the Game of Kings {*Corrode rPois rF+ SInv}
rPois   +          Reflect  .    f - +0 helmet
rElec   .          Harm     .    (no cloak)
rCorr   .          Rampage  .    (no gloves)
Will    .....                    (no boots)
Stlth   ..........               (no amulet)
HPRegen 0.12/turn                m - +6 ring of strength
MPRegen 0.09/turn                i - ring of see invisible

@: confused, mighty, corroded
A: hooves 1, powered by pain 1, sturdy frame 1
a: no special abilities


You were on level 3 of the Dungeon.
You visited 1 branch of the dungeon, and saw 3 of its levels.

You collected 113 gold pieces.
You spent 96 gold pieces at shops.

Inventory:

Hand Weapons
 a - a +0 long sword (weapon)
 b - a +0 dagger
Missiles
 e - 15 stones (quivered)
Armour
 c - a +0 buckler (worn)
 f - a +0 helmet (worn)
 h - the +1 chain mail of the Game of Kings (worn) {*Corrode rPois rF+ SInv}
   (You found it on level 2 of the Dungeon)

   rF:        It protects you from fire.
   rPois:     It protects you from poison.
   SInv:      It lets you see invisible.
   *Corrode:  It may corrode you when you take damage.
Jewellery
 i - a ring of see invisible (right hand)
 m - a +6 ring of strength (left hand)
Potions
 g - 2 potions of curing
 k - a potion of flight


   Skills:
 + Level 3.9 Fighting
 * Level 3.7 Long Blades
 - Level 2.6 Armour
 - Level 2.6 Shields


You had 3 spell levels left.
You didn't know any spells.
Your spell library contained the following spells:

 Spells                   Type           Power      Damage    Failure   Level
 Necrotise                Necr           0%         1d4       95%         1
 Vampiric Draining        Necr           0%         2d6       100%        3
 Agony                    Necr           0%         N/A       100%        5


Dungeon Overview and Level Annotations

Branches:
Dungeon (3/15)

Altars:
Yredelemnul

Shops:
D:1 !   D:2 :*


Innate Abilities, Weirdness & Mutations

You have large cloven feet.
You sometimes gain a little power by taking damage.
Your movements are slightly less encumbered by armour. (ER -2)


Message History

The hobgoblin barely misses you.
The orc wizard hits you with a +0 dagger.
The quokka bites you but does no damage.
You closely miss the orc wizard.
You kick the orc wizard, but do no damage.
A giant cockroach comes into view.
You block the hobgoblin's attack. You block the goblin's attack.
The orc wizard hits you but does no damage.
The orc hits you with a +0 dagger.
The quokka bites you but does no damage.
The orc wizard casts a spell at you.
You are confused.
The orc hits you but does no damage.
The hobgoblin hits you but does no damage.
The goblin hits you but does no damage. The orc attacks as you move away!
The orc hits you with a +0 dagger.
Your corrosive artefact corrodes you!
The quokka attacks as you move away! The quokka barely misses you.
The quokka twitches its whiskers.
The quokka closely misses you. The goblin hits you with a +0 club.
* * * LOW HITPOINT WARNING * * *
The hobgoblin hits you but does no damage.
You barely miss the orc wizard. The quokka closely misses you.
The hobgoblin hits you.
* * * LOW HITPOINT WARNING * * *
The orc wizard barely misses you. The goblin hits you with a +0 club.
* * * LOW HITPOINT WARNING * * *
Unknown command.
You bump into the rock wall.
The quokka barely misses you. The goblin closely misses you.
The orc wizard closely misses you. The hobgoblin hits you.
* * * LOW HITPOINT WARNING * * *
Unknown command.
The goblin attacks as you move away! The goblin hits you with a +0 club.
* * * LOW HITPOINT WARNING * * *
The quokka bites you but does no damage.
The orc wizard cheers to no one in particular.
The orc wizard hits you but does no damage.
The goblin hits you with a +0 club.
You die...

############
####.og.@.....#
....B.grog....#
?.....).b<....#
####.............
.....#..#.#.#.###
.....#..#)..# #
.... #..#....
.... #.$#...#.#
... #..#...#$#


You could see an orc wizard (invisible), an orc, a quokka, a giant cockroach, a
hobgoblin, 2 goblins and a bat.

Vanquished Creatures
  An orc wizard (D:3)
  3 adders (D:2)
  A worm (D:2)
  A dart slug (D:1)
  An orc (D:3)
  2 bats
  4 endoplasms (D:2)
  3 giant cockroaches
  3 goblins
  A hobgoblin (D:2)
  9 jackals
  5 quokkas
  A ball python (D:1)
  A frilled lizard (D:1)
  2 rats
38 creatures vanquished.

Notes
Turn   | Place    | Note
-------+----------+-------------------------------------------
     0 | D:1      | IdlyInterested the Demonspawn Fighter began the quest for
                  | the Orb.
     0 | D:1      | Reached XP level 1. HP: 18/18 MP: 1/1
   205 | D:1      | Gained mutation: You sometimes gain a little power by
                  | taking damage. [demonic ancestry]
   205 | D:1      | Reached XP level 2. HP: 7/24 MP: 2/2
   514 | D:1      | Found a faded altar of an unknown god.
   902 | D:1      | Found Umeequx's Distillery.
  1305 | D:1      | Bought a potion of heal wounds for 60 gold pieces
  1392 | D:2      | Found Pocyl's Vocational Training.
  1423 | D:2      | Gained mutation: Your movements are slightly less
                  | encumbered by armour. (ER -2) [demonic ancestry]
  1423 | D:2      | Reached XP level 3. HP: 7/29 MP: 3/3
  1556 | D:2      | Found a basalt altar of Yredelemnul.
  1620 | D:2      | Identified the +1 chain mail of the Game of Kings {*Corrode
                  | rPois rF+ SInv}
  2304 | D:2      | Gained mutation: You have large cloven feet. [demonic
                  | ancestry]
  2304 | D:2      | Reached XP level 4. HP: 28/37 MP: 4/4
  2381 | D:2      | Found Suusieha's General Store.
  2698 | D:1      | Bought a potion of flight for 36 gold pieces
  2771 | D:3      | HP: 1/37 [goblin/+0 club (2)]
  2771 | D:3      | Slain by a goblin

Illustrated notes

Levels and vault maps discovered:
D:1:      onia_arrival_pyramid, layout_basic, serial_shops, shop,
          ebering_ecumenical_altar_hall
D:2:      layout_rooms, serial_shops, shop, basic_altar, nicolae_shop_vocational
D:3:      layout_basic, amethyst_overflow_temple_binary, portal_sewer_entry_a

Skill      XL: |  1  2  3 |
---------------+----------+-----
Long Blades    | 2 3 |  3.7
Fighting       | |  3.9
Armour         | |  2.6
Shields        | |  2.6

Action                   |  1- 3 |  4- 6 || total
-------------------------+-------+-------++-------
Melee: Long sword        |   106 |    24 ||   130
       Kick              |       |     5 ||     5
Throw: Stone             |    11 |       ||    11
  Use: Scroll            |     3 |     2 ||     5
       Potion            |     1 |     2 ||     3
Armor: Scale mail        |    48 |       ||    48
       Chain mail        |    26 |    42 ||    68
Dodge: Dodged            |    62 |    24 ||    86
Block: Buckler           |    26 |     7 ||    33

Table legend: (Time is in decaauts)
 A = Elapsed time spent in this place.
 B = Non-inter-level travel time spent in this place.
 C = Inter-level travel time spent in this place.
 D = Time resting spent in this place.
 E = Time spent auto-exploring this place.
 F = Levels seen in this place.
 G = Mean time per level.
                   A        B        C        D        E       F      G
               +--------+--------+--------+--------+--------+-----+--------+
         Total |   2813 |   2528 |    285 |    584 |   1531 |   3 |  937.7 |
       Dungeon |   2813 |   2528 |    285 |    584 |   1531 |   3 |  937.7 |
               +--------+--------+--------+--------+--------+-----+--------+

Top non-repeatable levels by time:
     D:1: 1578 daAuts
     D:2: 1207 daAuts
     D:3: 28 daAuts
